 Dungeon Crawl Stone Soup version 0.25-a0-2-g6559c6c (webtiles) character file.

495 Illumine the Cleaver (level 6, 0/52 HPs)
             Began as a Minotaur Fighter on Nov 19, 2018.
             Killed from afar by Grinder (4 damage)
             ... with a puff of flame
             ... on level 5 of the Dungeon on Oct 14, 2019.
             The game lasted 00:03:09 (2000 turns).

Illumine the Cleaver (Minotaur Fighter)             Turns: 2000, Time: 00:03:10

Health: 0/52       AC:  5    Str: 27    XL:     6   Next: 92%
Magic:  5/5        EV:  6    Int:  5    God:
Gold:   322        SH: 10    Dex: 10    Spells: 5/5 levels left

rFire    . . .     SeeInvis .   a - +0 war axe
rCold    . . .     Gourm    .   c - +0 shield
rNeg     . . .     Faith    .   t - +0 chain mail
rPois    .         Spirit   .   (helmet restricted)
rElec    .         Reflect  .   (no cloak)
rCorr    .         Harm     .   (no gloves)
MR       .....                  (no boots)
Stlth    ..........             (no amulet)
HPRegen  0.17/turn              (no ring)
MPRegen  0.09/turn              (no ring)

@: mighty, corroded
A: retaliatory headbutt, horns 2
a: no special abilities


You were on level 5 of the Dungeon.
You were hungry.

You visited 1 branch of the dungeon, and saw 5 of its levels.

You collected 322 gold pieces.

Inventory:

Hand Weapons
 a - a +0 war axe (weapon)
Missiles
 j - a throwing net (quivered)
 u - 2 boomerangs
Armour
 c - a +0 shield (worn)
 t - a +0 chain mail (worn)
Wands
 r - a wand of iceblast (9)
Scrolls
 b - a scroll of enchant weapon {unknown}
 i - 2 scrolls of amnesia {unknown}
 k - 2 scrolls of remove curse
 l - 3 scrolls of identify
 m - 2 scrolls of teleportation
 p - a scroll of blinking {unknown}
 v - a scroll of immolation {unknown}
Potions
 d - a potion of might
 e - 2 potions of agility
 g - 2 potions of cancellation {unknown}
 h - 3 potions of curing {unknown}
 n - a potion of mutation {unknown}
 o - a potion of magic {unknown}
 q - 3 potions of flight {unknown}
 s - a potion of heal wounds {unknown}
Comestibles
 f - 7 rations


   Skills:
 - Level 4.0 Fighting
 * Level 8.8 Axes
 - Level 3.7 Armour
 - Level 3.7 Shields


You had 5 spell levels left.
You didn't know any spells.
Your spell library contained the following spells:

 Spells                   Type           Power        Failure   Level  Hunger
 Sandblast                Erth           #.....       100%        1    ##.....
 Passwall                 Tmut/Erth      #.......     100%        2    ###....
 Stone Arrow              Conj/Erth      #.....       100%        3    ####...
 Petrify                  Tmut/Erth      #.......     100%        4    #####..
 Lee's Rapid Deconstruct  Erth           #.........   100%        5    ######.


Dungeon Overview and Level Annotations

Branches:
Dungeon (5/15)
 Temple: D:4-7

Altars:
Ashenzari
Elyvilon
Hepliaklqana
Trog
Vehumet
Wu Jian
Zin
The Shining One

Annotations:
D:5 Grinder


Innate Abilities, Weirdness & Mutations

You reflexively headbutt those who attack you in melee.
You have a pair of horns on your head.


Message History

Grinder is moderately wounded.
Grinder zaps a wand.
The puff of flame hits you. Grinder gestures at you.
Pain shoots through your body!
You closely miss Grinder. Your headbutt misses Grinder.
Grinder is moderately wounded.
Grinder blinks!
You feel very mighty all of a sudden.
Grinder zaps a wand.
The puff of flame hits you!
* * * LOW HITPOINT WARNING * * *
Grinder zaps a wand.
The puff of flame hits you!
* * * LOW HITPOINT WARNING * * *
You closely miss Grinder.
Grinder is moderately wounded.
Grinder says, "Wait up."
You block Grinder's attack.
You slash Grinder!
Grinder is heavily wounded.
Grinder zaps a wand.
The puff of flame hits you.
You die...

.... .............. #....
..........# #....
.........#
+...#####+###.......#
#...##.>...##.......#
#...##.....##.......##
#...#..................
#####.<.'.........../...##.
...#....#......5@.......#
...##...#########......[..
...##..>## #..........
.........# #.......##.
.........# #.......#
.........# #).....)..
...####### #.......## ...##
......... ....#


You could see Grinder.

Vanquished Creatures
  A scorpion (D:4)
  3 howler monkeys (D:4)
  A crimson imp (D:3)
  A jelly (D:5)
  2 hounds
  An orc wizard (D:3)
  A worker ant (D:4)
  7 adders
  An adder skeleton (D:4)
  A worm (D:2)
  2 dart slugs
  3 leopard geckos
  12 orcs
  3 giant cockroaches
  9 hobgoblins
  A jackal (D:4)
  3 kobolds
  2 ball pythons
  9 bats
  5 frilled lizards
  10 goblins
  A quokka skeleton (D:4)
  10 rats
89 creatures vanquished.

Vanquished Creatures (others)
  5 toadstools (D:1)
5 creatures vanquished.

Grand Total: 94 creatures vanquished

Notes
Turn   | Place    | Note
-------+----------+-------------------------------------------
     0 | D:1      | Illumine the Minotaur Fighter began the quest for the Orb.
     0 | D:1      | Reached XP level 1. HP: 19/19 MP: 0/0
    68 | D:1      | Reached XP level 2. HP: 27/27 MP: 1/1
   113 | D:1      | Reached skill level 3 in Axes
   202 | D:1      | Upgraded the game from 0.23-a0-447-g7b583b2 to
                  | 0.25-a0-2-g6559c6c
   385 | D:1      | Reached XP level 3. HP: 33/33 MP: 2/2
   406 | D:2      | Reached skill level 4 in Axes
   803 | D:3      | Reached skill level 5 in Axes
   803 | D:3      | Reached XP level 4. HP: 39/40 MP: 3/3
   857 | D:3      | Found a white marble altar of Elyvilon.
   861 | D:3      | Found a glowing golden altar of the Shining One.
   862 | D:3      | Found a shattered altar of Ashenzari.
   862 | D:3      | Found a hazy altar of Hepliaklqana.
   863 | D:3      | Found a glowing silver altar of Zin.
   865 | D:3      | Found a bloodstained altar of Trog.
   866 | D:3      | Found an ornate altar of the Wu Jian Council.
  1015 | D:3      | Found a radiant altar of Vehumet.
  1051 | D:3      | Reached skill level 6 in Axes
  1051 | D:3      | Reached XP level 5. HP: 46/46 MP: 4/4
  1425 | D:4      | Reached skill level 7 in Axes
  1439 | D:4      | Reached XP level 6. HP: 50/52 MP: 5/5
  1445 | D:4      | Reached skill level 8 in Axes
  1915 | D:5      | Entered Level 5 of the Dungeon
  1980 | D:5      | Noticed Grinder
  1985 | D:5      | Paralysed by Grinder for 4 turns
  2000 | D:5      | Killed from afar by Grinder

Levels and vault maps discovered:
D:1:      eino_arrival_tree_alley, minmay_gold_behind_fungi
D:2:      layout_loops_ring, kennysheep_generic_room_14
D:3:      layout_basic, nicolae_overflow_crystal_walls, minitemple,
          first_ration, hangedman_decor_lopped, hangedman_decor_growths,
          minivault_24
D:4:      layout_rooms, kennysheep_dice
D:5:      layout_gridville, serial_bayou_lagoon_a, uniq_grinder, uniq_pikel

Skill      XL: |  1  2  3  4  5  6 |
---------------+-------------------+-----
Fighting       | 4 |  4.0
Axes           | 3 5 6 7 8 |  8.8
Armour         | |  3.7
Shields        | |  3.7

Action                   |  1- 3 |  4- 6 || total
-------------------------+-------+-------++-------
Melee: War axe           |    86 |   102 ||   188
       Headbutt          |    13 |    20 ||    33
  Use: Scroll            |     3 |       ||     3
       Potion            |       |     1 ||     1
  Eat: Chunk             |       |     3 ||     3
Armor: Scale mail        |    34 |    38 ||    72
       Chain mail        |       |     4 ||     4
Dodge: Dodged            |    26 |    26 ||    52
Block: Shield            |    56 |    46 ||   102

Table legend:
 A = Non-vault XP
 B = Vault XP
 C = Vault XP percentage of total XP
 D = Non-vault monster count
 E = Vault monster count
 F = Vault count percentage of total count
                 A         B        C        D         E       F
            +---------+---------+-------+---------+---------+-------
      Total |     703 |       5 |   0.7 |      87 |       2 |   2.2
            +---------+---------+-------+---------+---------+-------
        D:1 |      41 |       0 |   0.0 |      25 |       0 |   0.0
        D:2 |      46 |       3 |   6.1 |      11 |       1 |   8.3
        D:3 |     185 |       0 |   0.0 |      29 |       0 |   0.0
        D:4 |     345 |       2 |   0.6 |      19 |       1 |   5.0
        D:5 |      86 |       0 |   0.0 |       3 |       0 |   0.0
            +---------+---------+-------+---------+---------+-------
